 Dungeon Crawl Stone Soup version 0.32-a0-814-g0968bab981 (webtiles) character file.

Game seed: 6069745993980859275

33 fernweh the Slasher (level 3, 0/31 HPs)
             Began as a Gnoll Wanderer on Mar 23, 2024.
             Slain by an adder (3 damage)
             ... on level 2 of the Dungeon.
             The game lasted 00:04:12 (1511 turns).

fernweh the Slasher (Gnoll Wanderer)                Turns: 1511, Time: 00:04:13

Health: 0/31       AC:  3    Str: 15    XL:     3   Next: 29%
Magic:  9/9        EV: 10    Int: 10    God:
Gold:   157        SH:  0    Dex: 10    Spells: 11/12 levels left

rFire   . . .        a - +1 falchion
rCold   . . .        (no shield)
rNeg    . . .        c - +0 leather armour
rPois   .            (no helmet)
rElec   .            (no cloak)
rCorr   .            (no gloves)
SInv    .            (no boots)
Will    .....        (no amulet)
Stlth   +            (no ring)
HPRegen 0.25/turn    (no ring)
MPRegen 0.11/turn

%: no passive effects
@: no status effects
A: fangs 1, strong nose, distributed training
a: no special abilities


You were on level 2 of the Dungeon.
You visited 1 branch of the dungeon, and saw 2 of its levels.

You collected 157 gold pieces.

Inventory:

Hand Weapons
 a - a +1 falchion (weapon)
Armour
 c - a +0 leather armour (worn)
Jewellery
 f - a ring of fire
Talismans
 g - a flux talisman
Scrolls
 d - 2 scrolls of enchant armour {unknown}
 h - a scroll of fear {unknown}
 i - 3 scrolls of identify {unknown}
 j - a scroll of teleportation {unknown}
 k - a scroll of enchant weapon {unknown}
Potions
 b - 3 potions of lignification
 e - a potion of might {unknown}


   Skills:
 + Level 4.5 Fighting
 + Level 0.8 Short Blades
 + Level 6.5 Long Blades
 + Level 0.8 Axes
 + Level 0.8 Maces & Flails
 + Level 0.8 Polearms
 + Level 0.8 Staves
 + Level 0.8 Ranged Weapons
 + Level 0.8 Throwing
 + Level 0.8 Armour
 + Level 0.8 Dodging
 + Level 0.8 Stealth
 + Level 0.8 Shields
 + Level 0.8 Unarmed Combat
 + Level 5.0 Spellcasting
 + Level 0.5 Conjurations
 + Level 0.5 Hexes
 + Level 0.5 Summonings
 + Level 0.5 Necromancy
 + Level 0.5 Translocations
 + Level 5.4 Fire Magic
 + Level 0.5 Ice Magic
 + Level 0.5 Air Magic
 + Level 0.5 Earth Magic
 + Level 0.5 Alchemy
 + Level 1.0 Invocations
 + Level 0.8 Evocations
 + Level 0.7 Shapeshifting


You had 11 spell levels left.
You knew the following spells:

 Your Spells              Type           Power      Damage    Failure   Level
a - Foxfire               Conj/Fire      32%        2x1d5     9%          1

Your spell library contained the following spells:

 Spells                   Type           Power      Damage    Failure   Level
 Apportation              Tloc           6%         N/A       22%         1
 Necrotise                Necr           12%        1d4       22%         1
 Slow                     Hex            12%        N/A       22%         1
 Sting                    Conj/Alch      12%        1d3       22%         1
 Summon Small Mammal      Summ           12%        N/A       22%         1
 Volatile Blastmotes      Fire/Tloc      16%        2d11      24%         3
 Ensorcelled Hibernation  Hex/Ice        6%         N/A       32%         2
 Confusing Touch          Hex            3%         N/A       54%         3
 Fugue of the Fallen      Necr           3%         N/A       54%         3
 Vampiric Draining        Necr           3%         2d6       54%         3
 Ignite Poison            Fire/Alch      8%         N/A       63%         4
 Anguish                  Hex/Necr       1%         N/A       91%         4
 Olgreb's Toxic Radiance  Alch           3%         N/A       91%         4
 Ozocubu's Refrigeration  Ice            1%         4d7       100%        7
 Discord                  Hex            1%         N/A       100%        8


Dungeon Overview and Level Annotations

Branches:
Dungeon (2/15)

Altars:


Innate Abilities, Weirdness & Mutations

You have very sharp teeth.
Your uncanny sense of smell can sniff out nearby items.
Your experience applies equally to all skills.


Message History

The adder poisons you!
You hit the adder.
The adder is lightly wounded.
You feel sick. The adder bites you.
You are more poisoned.
The adder poisons you!
You closely miss the adder.
The adder is lightly wounded.
You feel very sick. The adder bites you but does no damage.
You hit the adder. Your bite misses the adder.
The adder is moderately wounded.
You feel sick. The adder bites you. The adder barely misses you.
You barely miss the adder.
The adder is moderately wounded.
You feel sick. The adder barely misses you.
You slash the adder!
The adder is almost dead.
You feel sick. The adder bites you.
You hit the adder but do no damage. Your bite misses the adder.
The adder is almost dead.
You feel sick. The adder closely misses you. The adder bites you.
You are too injured to fight recklessly!
You miss the adder.
The adder is almost dead.
You feel sick. The adder bites you but does no damage.
You hit the adder but do no damage. Your bite misses the adder.
The adder is almost dead.
You feel sick. The adder bites you.
* * * LOW HITPOINT WARNING * * *
You barely miss the adder.
The adder is almost dead.
You feel sick. The adder bites you.
* * * LOW HITPOINT WARNING * * *
You barely miss the adder.
The adder is almost dead.
You feel sick.
You are no longer poisoned.
The adder bites you.
You die...

#######.#
#.S.....# #@# ###
#.########### #..
#.##........####.#
#.##..........##.#
#.##..........##.#
#.##.............#
#.#########...####
#.............#...
##########....#.##


You could see an adder.

Vanquished Creatures
  4 ball pythons
  5 bats (D:1)
  3 endoplasms
  A giant cockroach (D:1)
  3 hobgoblins (D:1)
  2 quokkas
  A frilled lizard (D:1)
  4 goblins
  4 kobolds (D:1)
  3 rats
30 creatures vanquished.

Vanquished Creatures (others)
  2 foxfires (D:1)
2 creatures vanquished.

Grand Total: 32 creatures vanquished

Notes
Turn   | Place    | Note
-------+----------+-------------------------------------------
     0 | D:1      | fernweh the Gnoll Wanderer began the quest for the Orb.
     0 | D:1      | fernweh set off with the following items: a +1 falchion, a
                  | potion of lignification, a +0 leather armour; and the
                  | following spell memorised: Foxfire; and the following
                  | spells available to memorise: Volatile Blastmotes, Ignite
                  | Poison.
     0 | D:1      | Reached XP level 1. HP: 20/20 MP: 6/6
   458 | D:1      | Reached XP level 2. HP: 22/26 MP: 7/7
   769 | D:1      | Reached skill level 5 in Spellcasting
   769 | D:1      | Reached XP level 3. HP: 31/31 MP: 7/9
  1428 | D:2      | Reached skill level 1 in Invocations
  1511 | D:2      | Slain by an adder

Illustrated notes

Levels and vault maps discovered:
D:1:      dpeg_arrival_snail, layout_loops_ring
D:2:      layout_basic, serial_shops, shop

Skill      XL: |  1  2  3 |
---------------+----------+-----
Spellcasting   | 5 |  5.0
Invocations    | 1 |  1.0
Fighting       | |  4.5
Short Blades   | |  0.8
Long Blades    | |  6.5
Axes           | |  0.8
Maces & Flails | |  0.8
Polearms       | |  0.8
Staves         | |  0.8
Ranged Weapons | |  0.8
Throwing       | |  0.8
Armour         | |  0.8
Dodging        | |  0.8
Stealth        | |  0.8
Shields        | |  0.8
Unarmed Combat | |  0.8
Conjurations   | |  0.5
Hexes          | |  0.5
Summonings     | |  0.5
Necromancy     | |  0.5
Translocations | |  0.5
Fire Magic     | |  5.4
Ice Magic      | |  0.5
Air Magic      | |  0.5
Earth Magic    | |  0.5
Alchemy        | |  0.5
Evocations     | |  0.8
Shapeshifting  | |  0.7

Action                     || total
---------------------------++-------
  Melee: Falchion          ||    97
         Bite              ||     8
   Cast: Foxfire           ||     1
 Armour: Leather armour    ||    68
  Dodge: Dodged            ||    54

Table legend: (Time is in decaauts)
 A = Elapsed time spent in this place.
 B = Non-inter-level travel time spent in this place.
 C = Inter-level travel time spent in this place.
 D = Time resting spent in this place.
 E = Time spent auto-exploring this place.
 F = Levels seen in this place.
 G = Mean time per level.
                   A        B        C        D        E       F      G
               +--------+--------+--------+--------+--------+-----+--------+
         Total |   1508 |   1476 |     32 |    207 |   1032 |   2 |  754.0 |
       Dungeon |   1508 |   1476 |     32 |    207 |   1032 |   2 |  754.0 |
               +--------+--------+--------+--------+--------+-----+--------+

Top non-repeatable levels by time:
     D:1: 1129 daAuts
     D:2: 379 daAuts
